 Dungeon Crawl Stone Soup version 0.15-a0-1224-g3833f9c (webtiles) character file.

871761 MrRokkomies the Invulnerable (level 27, 0/267 (273) HPs)
             Began as a Lava Orc Fighter on May 10, 2014.
             Was a High Priest of Qazlal.
             Slain by Cerebov
             ... wielding the +6,+6 Sword of Cerebov {flame}
              (1 damage)
             ... in Pandemonium on June 2, 2014.
             The game lasted 10:06:44 (84980 turns).

MrRokkomies the Invulnerable (Lava Orc Fighter)    Turns: 84980, Time: 10:06:46

HP   0/267 (273) AC 41     Str 28      XL: 27
MP  45/45        EV 28     Int  7 (8)  God: Qazlal [*****.]
Gold 6527        SH 51     Dex 23      Spells:  6 memorised,  6 levels left

rFire  + + .     SeeInvis +     b - +8 autumn katana {slice, Clar}
rCold  + . .     Clarity  +     A - +2 plate armour of the Crypt {+Fly rPois rF+ rN+ SInv}
rNeg   + + .     rCorr    .     i - +2 shield of Resistance {rF+ rC+ MR+}
rPois  +         rRot     .     v - +2 hat {MR+}
rElec  .         Spirit   .     J - +2 cloak {MR+}
SustAb .         Warding  .     L - +2 pair of gloves {Dex+3}
rMut   +         Stasis   .     e - +2 pair of boots {run}
Gourm  .                        r - amulet of resist mutation
MR     +++++                    k - +5,+5 ring of slaying
                                F - ring of Gufoc {rN+ Dex+1}

@: agile, fire vulnerable, protected from physical damage, very slightly
contaminated, hasted, repel missiles, very quick, almost entirely resistant to
hostile enchantments, extremely unstealthy
A: talons 1, berserk 1, conserve scrolls, deterioration 1, fast metabolism 1,
wild magic 1
a: Upheaval, Elemental Force, Disaster Area, Renounce Religion, Evoke Flight
}: 7/15 runes: decaying, slimy, silver, glowing, magical, dark, gossamer


You were in Pandemonium.
You worshipped Qazlal.
Qazlal was extremely pleased with you.
You were not hungry.

You visited 14 branches of the dungeon, and saw 67 of its levels.
You visited Pandemonium 2 times, and saw 20 of its levels.
You visited the Abyss 2 times.
You visited 1 bazaar.
You also visited: Trove and Ice Cave.

You collected 11515 gold pieces.
You spent 4988 gold pieces at shops.

Inventory:

Hand weapons
 a - a +6,+9 demon blade of freezing
 b - the +8,+8 autumn katana (weapon) {slice, Clar}
   (You found it on level 6 of the Pits of Slime)

   It inflicts extra damage upon your enemies.
   It protects you against confusion.
Missiles
 B - 5 tomahawks of returning (quivered)
Armour
 e - a +2 pair of boots of running (worn)
 i - the +2 shield of Resistance (worn) {rF+ rC+ MR+}
   (You found it on level 7 of the Lair of Beasts)

   It protects you from fire.
   It protects you from cold.
   It affects your resistance to hostile enchantments.
 v - a +2 hat of magic resistance (worn)
 A - the +2 plate armour of the Crypt (worn) {+Fly rPois rF+ rN+ SInv}
   (You found it in a treasure trove)

   It protects you from fire.
   It protects you from poison.
   It protects you from negative energy.
   It enhances your eyesight.
   It lets you fly.
 J - a +2 cloak of magic resistance (worn)
 L - a +2 pair of gloves of dexterity (worn)
 Z - a +5 gold dragon armour
Magical devices
 j - a wand of heal wounds (0)
 t - a wand of lightning (5)
 u - a wand of disintegration (17)
 w - a wand of digging (15)
 Q - a wand of cold (8)
 R - a wand of hasting (0)
 S - a wand of invisibility (4)
 V - a wand of teleportation (1)
Comestibles
 f - 14 bread rations
Scrolls
 y - 3 scrolls of fog
 z - 3 scrolls of teleportation
 D - 10 scrolls of fear
 G - a scroll of enchant weapon II
 H - a scroll of silence
 I - a scroll of blinking
 N - 7 scrolls of remove curse
 W - 5 scrolls of identify
 X - 4 scrolls of vulnerability
Jewellery
 c - an uncursed ring of protection from cold
 d - an uncursed ring of see invisible
 k - a +5,+5 ring of slaying (right hand)
 l - a +2 ring of protection {unknown}
 r - an amulet of resist mutation (around neck)
 C - an uncursed ring of protection from magic
 E - an uncursed amulet of warding
 F - the ring of Gufoc (left hand) {rN+ Dex+1}
   (You took it off a deep elf knight on level 3 of the Elven Halls)

   [ring of positive energy]

   It affects your dexterity (+1).
   It protects you from negative energy.
 K - an uncursed ring of teleport control
 O - the amulet of Egalitarianism {rCorr Str+3 Int-2}
   (You took it off a deep elf blademaster on level 3 of the Depths)

   [amulet of resist corrosion]

   It protects you from acid and corrosion.
   It affects your strength (+3).
   It affects your intelligence (-2).
 P - an uncursed ring of flight
 T - the amulet of Dim Light {Cons Str+5 Int-3}
   (You found it on level 8 of the Lair of Beasts)

   [amulet of conservation]

   It protects your inventory from destruction.
   It affects your strength (+5).
   It affects your intelligence (-3).
 Y - the ring "Tweif" {Str+4 Int+3 Acc+5}
   (You bought it in a shop in a bazaar)

   [ring of intelligence]

   It affects your strength (+4).
   It affects your intelligence (+3).
   It affects your accuracy with ranged weapons and melee attacks (+5).
Potions
 g - 4 potions of restore abilities
 n - a potion of magic
Miscellaneous
 h - a stone of tremors
 o - a lantern of shadows
 p - a lamp of fire
 q - a phial of floods
 U - a fan of gales
Rods
 x - a +0 rod of destruction (12/12)
   (You found it on level 2 of the Depths)


   Skills:
 O Level 27 Fighting
 * Level 26.3 Long Blades
 - Level 8.0 Throwing
 O Level 27 Armour
 - Level 16.4 Dodging
 - Level 15.0 Shields
 * Level 1.7 Necromancy
 O Level 27 Invocations
 - Level 10.0 Evocations


You had 6 spell levels left.
You knew the following spells:

 Your Spells              Type           Power        Failure   Level  Hunger
a - Shadow Creatures      Summ           N/A          100%        5    ######.
b - Apportation           Tloc           #.........   94%         1    ##.....
c - Blink                 Tloc           N/A          99%         2    ###....
d - Haste                 Chrm           #.......     100%        6    #######
e - Abjuration            Summ           #.........   100%        3    ####...
f - Regeneration          Chrm/Necr      #.........   100%        3    ####...


Dungeon Overview and Level Annotations

Branches:
Dungeon (15/15)            Temple (1/1) D:6             Orc (4/4) D:12
    Elf (3/3) Orc:4          Lair (8/8) D:9           Swamp (5/5) Lair:6
 Spider (5/5) Lair:3        Slime (6/6) Lair:8       Vaults (5/5) D:13
  Blade (1/1) Vaults:4      Crypt (3/3) Vaults:3       Tomb (0/3) Crypt:3
   Hell (1/1)                 Dis (0/7) Hell            Geh (0/7) Hell
    Coc (0/7) Hell            Tar (0/7) Hell            Zot (5/5) Depths:5
 Depths (5/5) D:15

Altars:
Ashenzari
Cheibriados
Dithmenos
Elyvilon
Fedhas
Gozag
Kikubaaqudgha
Makhleb
Nemelex Xobeh
Okawaru
Qazlal
Sif Muna
Trog
Vehumet
Xom
Yredelemnul
Zin
The Shining One
Beogh

Shops:
D:5 =   D:10 !   D:11 [   Orc:4 *=[:   Vaults:3 ![}   Vaults:4 }   Vaults:5 ?(
Depths:1 %   Depths:4 [   Depths:5 }((*

Portals:
Hell: Depths:1 Depths:2 Depths:3 Depths:4 Depths:5
Abyss: Depths:1 Depths:4
Pandemonium: Depths:3
Ziggurat: Depths:4

Annotations:
Swamp:1 1 exclusion
Pan Cerebov


Innate Abilities, Weirdness & Mutations

You have stony skin.
Your flesh is almost immune to the effects of heat.
Your fire spells are more powerful.
Your flesh is vulnerable to cold.
Your heat harms attackers.
You bathe your surroundings in blazing heat.
You are too hot to use scrolls.
You are very good at protecting items from fire.
You have sharp toenails.
You tend to lose your temper in combat.
Your body is slowly deteriorating.
You have a fast metabolism.
Your spells are a little harder to cast, but a little more powerful.


Message History

Cerebov is almost dead.
Cerebov hits you with a great serpentine sword {flame}!!!
* * * LOW HITPOINT WARNING * * *
Your resistance to fire fades away.
You feel protected from physical attacks.
Cerebov burns you.
* * * LOW HITPOINT WARNING * * *
The Sword of Cerebov burns away your fire resistance.
Cerebov completely resists.
You slice Cerebov!!
Cerebov is almost dead.
You slash Cerebov!
Cerebov is almost dead.
You closely miss Cerebov.
Cerebov is almost dead.
Cerebov hits you with a great serpentine sword {flame}!!!
* * * LOW HITPOINT WARNING * * *
You feel more protected from physical attacks.
Cerebov burns you.
You die...

#############
............#
............# ##
............# #.#
2...........## #.#
......)......## ##.#
..#####.....#.###.# ###
#.....##.#@##
#.....###&##
#...vv####.######
##....§§§§##.§...##
#....v.§v§v.§v§...#
...###.......§§.§§......#
....').....v..vv§.......#
....'.........§§§v......#
.[..'....&...v..v.......#


You could see Cerebov.

Vanquished Creatures
  the royal jelly (Slime:6)
  Gloorx Vloq (Pan)
  Mnoleg (Pan)
  Lom Lobon (Pan)
  2 ancient liches (Crypt:3)
  2 curse toes
  Sojobo (Depths:1)
  Norris (Spider:3)
  Mara (Depths:4)
  Mennas (Depths:5)
  A Killer Klown (Zot:4)
  Geryon (Hell)
  4 Brimstone Fiends (Pan)
  7 golden dragons
  6 pandemonium lords (Pan)
  Frederick (Depths:4)
  7 bone dragons
  An electric golem (Zot:4)
  A Hell Sentinel (Pan)
  Asterion (Vaults:3)
  6 Ice Fiends (Pan)
  3 Orb Guardians (Zot:5)
  24 tentacled monstrosities
  11 liches
  4 deep elf blademasters
  Murray (Hell)
  20 acid blobs
  A quicksilver dragon (Vaults:5)
  8 Shadow Fiends (Pan)
  8 titans
  A deep elf master archer (Elf:3)
  4 tentacled starspawn (Abyss:1)
  15 storm dragons
  8 sphinxes
  Rupert (D:15)
  17 Executioners
  Agnes (Vaults:4)
  15 tengu reavers
  3 ancient champions
  11 shadow dragons
  3 thorn hunters
  3 draconian monks
  3 greater nagas (Depths:1)
  Donald (Orc:4)
  Wiglaf (Swamp:4)
  6 azure jellies
  6 iron dragons
  4 black suns (Pan)
  2 chaos champions (Pan)
  20 fire giants
  An orc warlord (Orc:4)
  2 draconian scorchers
  13 frost giants
  An octopode crusher (Depths:2)
  18 cacodemons (Pan)
  15 emperor scorpions
  4 draconian knights
  4 warmongers (Pan)
  Aizul (Swamp:2)
  Louise (D:15)
  11 deep elf sorcerers
  3 ghost moths (Spider:5)
  A draconian zealot (Zot:1)
  20 balrugs
  6 ghouls
  14 vault wardens
  2 spectral weapons (Vaults:3)
  6 deep elf demonologists
  Jorgrun (Depths:5)
  4 spriggan defenders
  4 war gargoyles
  29 stone giants
  4 blood saints (Pan)
  12 reapers
  4 draconian annihilators
  4 corrupters (Pan)
  A salamander firebrand (Depths:1)
  3 green draconians
  15 rakshasas
  5 grey draconians
  3 vampire knights
  3 lorocyprocas (Pan)
  2 curse skulls (Crypt:3)
  15 deep elf annihilators
  2 pale draconians
  3 purple draconians (Zot:2)
  14 dire elephants
  8 mottled draconians
  3 black draconians
  3 red draconians (Zot:2)
  9 white draconians
  6 yellow draconians (Zot:2)
  9 blizzard demons
  10 green deaths (Pan)
  A spectral sphinx (Crypt:3)
  Snorg (Lair:3)
  7 deep elf death magi
  14 ettins
  10 death oozes
  16 fire dragons
  A minotaur (Depths:4)
  3 jiangshi
  33 vault guards
  A quicksilver dragon zombie (Crypt:1)
  6 deep elf high priests (Elf:3)
  9 death cobs
  17 great orbs of eyes
  15 ironheart preservers
  20 ice dragons
  Fannar (Lair:1)
  11 yaktaur captains
  A ravenous item mimic (Vaults:2)
  Harold (Lair:1)
  24 hydras
  A naga warrior (Depths:1)
  Nessos (Swamp:2)
  14 monstrous demonspawn (Pan)
  3 anacondas
  2 shambling mangroves
  Erica (Lair:6)
  2 ravenous feature mimics
  7 deep troll earth magi
  5 spriggan air magi
  An anaconda (shapeshifter) (Depths:4)
  6 alligators
  14 ogre magi
  2 tengu warriors
  49 death yaks
  5 death knights
  27 dancing weapons
  10 deep troll shamans
  6 orc high priests (Orc:4)
  A titan zombie (Crypt:1)
  5 spriggan berserkers
  42 sun demons
  3 spectral elves
  Urug (D:13)
  A storm dragon zombie (Crypt:1)
  3 spectral storm dragons (Crypt:2)
  14 soul eaters
  20 very ugly things
  A catoblepas (Depths:3)
  10 iron trolls
  A vampire mage (Depths:2)
  A thrashing horror (Abyss:1)
  21 deep elf knights
  33 large abominations
  4 wretched stars (Abyss:1)
  A fire crab (Vaults:2)
  6 centaur warriors
  A titan skeleton (Crypt:3)
  11 shadow wraiths
  38 skeletal warriors
  4 spriggan druids
  2 storm dragon skeletons
  A ball lightning (Pan)
  7 ice devils
  6 swamp dragons
  A spatial maelstrom (Abyss:1)
  21 orb spiders
  7 giant orange brains
  7 flayed ghosts
  A golden dragon zombie (Crypt:3)
  Erolcha (D:9)
  7 deep elf summoners
  8 hill giants
  20 gelid demonspawn (Pan)
  14 hell knights
  An ice statue (IceCv)
  An orb spider (shapeshifter) (Depths:1)
  A shadow dragon zombie (Crypt:1)
  7 hellions
  2 unseen horrors
  9 ironbrand convokers
  Pikel (D:6)
  12 orc knights
  15 torturous demonspawn (Pan)
  10 infernal demonspawn (Pan)
  14 deep elf conjurers
  4 shadow demons (Pan)
  30 deep trolls
  11 necromancers
  8 putrid demonspawn (Pan)
  An anaconda skeleton (Hell)
  2 lindwurms (Depths:1)
  6 cyclopes
  12 wizards
  3 oklob plants
  A wolf spider zombie (Abyss:1)
  5 harpies (Vaults:4)
  7 shining eyes
  A mana viper (shapeshifter) (Vaults:5)
  2 fire giant zombies
  7 orc sorcerers (Orc:4)
  A very ugly thing skeleton (Crypt:2)
  10 phantasmal warriors
  29 wolf spiders
  6 griffons
  A spectral ice dragon (Crypt:2)
  19 moths of wrath
  A spectral human (Vaults:3)
  3 spectral fire dragons (Crypt:2)
  2 worldbinders (Abyss:1)
  8 black mambas
  6 guardian serpents (Depths:1)
  3 eyes of devastation (Pan)
  11 hell beasts
  2 iron dragon skeletons (Pan)
  A mermaid (shapeshifter) (Vaults:5)
  A dire elephant zombie (Crypt:3)
  A stone giant skeleton (Crypt:3)
  4 naga magi (Depths:1)
  15 red wasps
  33 sixfirhies
  A shock serpent zombie (Crypt:1)
  10 elephants (Lair:8)
  A fire giant skeleton (Crypt:3)
  2 manticores
  9 komodo dragons
  43 smoke demons
  A titan simulacrum (Crypt:1)
  4 shock serpent skeletons
  A tormentor (Depths:3)
  A dire elephant skeleton (Crypt:1)
  6 gargoyles
  7 efreet
  11 vault sentinels
  4 death yak zombies (Depths:2)
  An eye of devastation (shapeshifter) (D:13)
  A kobold demonologist (Abyss:1)
  10 small abominations
  A feature mimic (Lair:4)
  19 demonic crawlers
  A golden dragon simulacrum (Crypt:1)
  A centaur zombie (D:15)
  32 orange demons
  39 yaktaurs
  22 spiny frogs
  2 iron devils (Pan)
  31 hellwings
  13 giant fireflies
  A silent spectre (Crypt:2)
  31 red devils
  3 tengu conjurers
  2 harpy zombies
  Grinder (D:5)
  A troll (shapeshifter) (Elf:1)
  A polar bear (shapeshifter) (Vaults:1)
  A yaktaur skeleton (Vaults:4)
  4 guardian mummies (Crypt:3)
  13 deep elf priests
  7 fire drakes
  A fire drake (shapeshifter) (Depths:1)
  10 freezing wraiths
  2 queen bees (shapeshifter)
  A fire vortex (Pan)
  37 jumping spiders
  26 two-headed ogres
  4 wandering mushrooms (D:9)
  A giant firefly (shapeshifter) (D:15)
  Sonja (Orc:4)
  A boggart (shapeshifter) (Elf:3)
  6 blue devils
  6 giant leeches
  3 hydra zombies
  17 polar bears
  2 ancient zymes (Abyss:1)
  37 slime creatures
  12 ravens
  5 blink frogs
  An iron dragon simulacrum (Hell)
  7 boulder beetles
  A boulder beetle (shapeshifter) (Vaults:4)
  3 harpy skeletons
  7 trolls
  15 bog bodies
  3 hydra skeletons
  2 raiju (shapeshifter)
  A red wasp zombie (D:14)
  A minotaur skeleton (Crypt:1)
  13 brown oozes
  4 ettin zombies
  A raiju (Abyss:1)
  A basilisk (Lair:1)
  A griffon zombie (D:11)
  2 ice dragon zombies
  3 spriggan zombies (Depths:1)
  A formicid (shapeshifter) (Vaults:5)
  26 tarantellas
  A black mamba zombie (Crypt:2)
  9 starcursed masses (Abyss:1)
  3 alligator skeletons (Hell)
  19 flying skulls
  6 shadows
  7 fire elementals
  13 sharks
  13 spriggans
  2 ettin skeletons (Crypt:3)
  11 air elementals
  22 trapdoor spiders
  A fire bat (Abyss:1)
  A fire dragon skeleton (Pan)
  2 vampires (Crypt:1)
  31 ynoxinuls
  29 deep elf magi
  A redback (shapeshifter) (Vaults:5)
  3 ice dragon skeletons
  16 wraiths
  41 redbacks
  54 ugly things
  11 water elementals
  Eustachio (Orc:2)
  A black mamba skeleton (Crypt:2)
  10 chaos spawn
  17 humans (D:13)
  9 golden eyes
  3 hill giant zombies
  8 hippogriffs
  16 neqoxecs (Pan)
  31 vampire mosquitoes
  A wyvern (D:8)
  38 deep elf fighters
  2 hogs (Swamp:2)
  3 mottled dragons
  5 human zombies
  20 wolves
  78 yaks
  17 nagas
  8 hungry ghosts
  A soldier ant (D:15)
  A hydra simulacrum (Hell)
  3 deep troll zombies
  An iron troll simulacrum (Vaults:1)
  A monstrous demonspawn zombie (Crypt:2)
  32 swamp worms
  A merfolk zombie (Hell)
  19 water moccasins
  6 wargs
  7 hell hounds
  4 porcupines
  15 swamp drakes
  A spiny frog zombie (Hell)
  2 deep troll skeletons (Vaults:2)
  A spiny frog skeleton (Crypt:1)
  2 yellow wasps
  3 black bears
  47 spiders
  55 ogres
  3 black bears (shapeshifter)
  A lindwurm zombie (Crypt:1)
  5 necrophages
  A blink frog zombie (Crypt:2)
  58 orc warriors
  2 vampire mosquito zombies (D:15)
  6 sky beasts
  2 slaves (D:6)
  11 crocodiles
  8 boggarts
  8 ice beasts
  An ice dragon simulacrum (Hell)
  3 snapping turtle skeletons
  A manticore skeleton (D:13)
  2 phantoms
  A boring beetle (Spider:1)
  4 centaurs
  7 lost souls
  3 big kobolds
  5 brain worms (Pan)
  A draconian zombie (Crypt:2)
  6 giant slugs
  A spiny frog simulacrum (Hell)
  A cyclops zombie (Crypt:2)
  A giant slug zombie (D:15)
  13 giant frogs
  14 insubstantial wisps
  A cyclops skeleton (D:11)
  4 eyes of draining
  A wyvern skeleton (Crypt:2)
  15 jellies
  6 scorpions
  3 yak zombies (D:11)
  4 killer bees (D:11)
  10 crimson imps
  5 hounds
  A raiju skeleton (Crypt:1)
  3 quasits
  5 electric eels
  16 big fish
  A centaur skeleton (Pan)
  2 goliath beetles
  2 elf skeletons
  13 worker ants
  An elf zombie (D:9)
  40 orc priests
  A hound (shapeshifter) (Depths:4)
  An iron imp (Abyss:1)
  A basilisk skeleton (D:15)
  2 giant frog skeletons
  34 orc wizards
  9 iguanas
  12 sheep
  A shapeshifter simulacrum (D:15)
  7 orange rats
  Jessica (D:3)
  A mottled dragon skeleton (D:15)
  2 ogre skeletons
  2 hound zombies
  6 mummies
  12 gnolls
  Natasha (twice) (D:3)
  24 adders
  13 white imps
  32 green rats
  5 shadow imps
  5 giant mites
  5 worms
  35 ufetubi
  2 giant eyeballs (Pan)
  12 giant geckos
  An ooze (D:6)
  310 orcs
  6 giant cockroaches
  33 hobgoblins
  27 kobolds
  9 quokkas
  4 ball pythons
  15 bats
  A giant gecko skeleton (Crypt:1)
  3 giant newts
  A giant spore (D:11)
  33 goblins
  36 jackals
  4 orc zombies
  A quokka zombie (Crypt:2)
  27 rats
  3 ballistomycetes (D:8)
  4 briar patches (Swamp:4)
  3 bushes
  5 crawling corpses (Elf:3)
  89 fungi
  3 grand avatars (Pan)
  46 plants
  A starspawn tentacle (Abyss:1)
  A starspawn tentacle segment (Abyss:1)
4120 creatures vanquished.

Vanquished Creatures (collateral kills)
  Arachne (Spider:4)
  Kirke (Swamp:2)
  A stone giant (Depths:5)
  2 hydras
  A deep troll earth mage (Depths:5)
  A deep troll shaman (Depths:5)
  A spriggan berserker (Depths:5)
  A large abomination (Pan)
  A tarantella (Spider:4)
  A shark (Depths:2)
  An orc (Orc:4)
12 creatures vanquished.

Vanquished Creatures (others)
  The ghost of psch the Sensei, an awesomely powerful DsMo of Cheibriados (Depths:3)
  A Brimstone Fiend (Pan)
  A tentacled monstrosity (Zot:2)
  An eldritch tentacle (Pan)
  2 tengu reavers
  A cacodemon (Pan)
  A green death (Pan)
  A deep elf high priest (Elf:3)
  2 deep elf knights
  An unseen horror (shapeshifter) (Elf:2)
  An orb spider (Spider:4)
  7 ball lightnings (Pan)
  A sixfirhy (Pan)
  2 smoke demons
  An efreet (Pan)
  8 hellwings (Pan)
  A red devil (Pan)
  A tengu conjurer (Depths:5)
  2 polar bears (IceCv)
  2 fire vortices (Pan)
  4 fire elementals
  A boulder beetle (Vaults:3)
  A trapdoor spider (Orc:4)
  7 shadows (Pan)
  11 water elementals
  A redback (Spider:3)
  13 air elementals
  A vampire (Depths:3)
  A human (Swamp:2)
  2 wolves (IceCv)
  A human skeleton (Crypt:3)
  3 spiders
  2 ogres
  6 lost souls
  2 earth elementals (Slime:6)
  A big fish (Swamp:4)
  Natasha (D:3)
  An ufetubus (Pan)
  An orc (Vaults:4)
  A giant spore (D:8)
  2 blocks of ice (Pan)
  91 eldritch tentacle segments (Pan)
  6 fungi
  6 plants
  5 starspawn tentacles (Abyss:1)
  5 starspawn tentacle segments (Abyss:1)
214 creatures vanquished.

Grand Total: 4346 creatures vanquished

Notes
Turn   | Place    | Note
--------------------------------------------------------------
     0 | D:1      | MrRokkomies, the Lava Orc Fighter, began the quest for the Orb.
     0 | D:1      | Reached XP level 1. HP: 19/19 MP: 1/1
    87 | D:1      | Reached XP level 2. HP: 26/26 MP: 2/2
    91 | D:1      | Reached skill level 4 in Armour
   364 | D:1      | Reached XP level 3. HP: 31/31 MP: 3/3
  1094 | D:2      | Reached XP level 4. HP: 16/39 MP: 4/4
  1099 | D:2      | Reached skill level 5 in Armour
  1682 | D:2      | Found a deep blue altar of Sif Muna.
  2009 | D:3      | Reached XP level 5. HP: 43/45 MP: 5/5
  2139 | D:3      | Noticed Jessica
  2149 | D:3      | Killed Jessica
  2201 | D:3      | Noticed Natasha
  2210 | D:3      | Killed Natasha
  2481 | D:3      | Noticed Natasha
  2496 | D:3      | Killed Natasha
  2719 | D:3      | Reached skill level 6 in Armour
  2881 | D:3      | Noticed Natasha
  2884 | D:3      | Killed Natasha
  2973 | D:4      | Noticed a phantom
  2993 | D:3      | Reached XP level 6. HP: 51/51 MP: 6/6
  2995 | D:3      | Killed a phantom
  2995 | D:3      | Reached skill level 5 in Long Blades
  3405 | D:4      | Noticed an ogre
  3419 | D:4      | Killed an ogre
  3419 | D:4      | Reached skill level 7 in Armour
  3419 | D:4      | Reached XP level 7. HP: 57/57 MP: 7/7
  3484 | D:4      | Noticed a centaur
  3498 | D:4      | Killed a centaur
  3853 | D:5      | Entered Level 5 of the Dungeon
  4005 | D:5      | Noticed Grinder
  4010 | D:5      | Reached skill level 8 in Armour
  4010 | D:5      | Reached XP level 8. HP: 44/64 MP: 8/8
  4037 | D:5      | Paralysed by Grinder for 4 turns
  4043 | D:5      | Paralysed by Grinder for 5 turns
  4051 | D:5      | Killed Grinder
  4327 | D:5      | Found Fuhe's Jewellery Emporium.
  4399 | D:5      | Bought an uncursed ring of protection from magic for 250 gold pieces
  4641 | D:5      | Reached skill level 9 in Long Blades
  5428 | D:6      | Noticed Pikel
  5450 | D:6      | Killed Pikel
  5450 | D:6      | Reached skill level 10 in Long Blades
  5450 | D:6      | Reached XP level 9. HP: 70/70 MP: 9/9
  5571 | D:6      | Found a staircase to the Ecumenical Temple.
  5587 | Temple   | Entered the Ecumenical Temple
  5651 | Temple   | Became a worshipper of Qazlal Stormbringer
  6767 | D:8      | Reached skill level 11 in Long Blades
  7176 | D:8      | Found an ancient bone altar of Kikubaaqudgha.
  7280 | D:8      | Acquired Qazlal's first power
  7509 | D:9      | Reached skill level 12 in Long Blades
  7510 | D:9      | Reached skill level 10 in Armour
  7554 | D:9      | Found a staircase to the Lair.
  7558 | D:9      | Reached XP level 10. HP: 71/77 MP: 10/10
  7689 | D:9      | Noticed a gargoyle
  7699 | D:9      | Killed a gargoyle
  7949 | D:9      | Acquired Qazlal's second power
  7967 | D:9      | Reached skill level 13 in Long Blades
  7975 | D:9      | Noticed Erolcha
  7993 | D:9      | Killed Erolcha
  7993 | D:9      | Reached skill level 5 in Fighting
  8241 | Lair:1   | Entered Level 1 of the Lair of Beasts
  8245 | Lair:1   | Got an iridescent war axe
  8281 | Lair:1   | Identified the cursed -2,+1 war axe of Egucyroj {freeze, MR++ Str+4 Int+3} (You found it on level 1 of the Lair of Beasts)
  8285 | Lair:1   | Upgraded the game from 0.15-a0-717-ga3c592f to 0.15-a0-734-g2b8d6ef
  8578 | Lair:1   | Noticed a six-headed hydra
  8610 | Lair:1   | Noticed Fannar
  8619 | Lair:1   | Killed Fannar
  8619 | Lair:1   | Reached skill level 14 in Long Blades
  8842 | Lair:1   | Acquired Qazlal's third power
  8862 | Lair:1   | Reached XP level 11. HP: 94/94 MP: 11/11
  8881 | Lair:1   | Reached skill level 1 in Invocations
  9030 | Lair:1   | Noticed Harold
  9046 | Lair:1   | Killed Harold
  9541 | Lair:1   | Killed a six-headed hydra
  9541 | Lair:1   | Reached skill level 10 in Fighting
 10023 | D:10     | Entered Level 10 of the Dungeon
 10140 | D:10     | Got a brightly glowing robe
 10144 | D:10     | Found a stormy altar of Qazlal.
 10246 | D:10     | Found Twaon's Distillery.
 10254 | D:10     | Bought a potion of poison for 14 gold pieces
 10254 | D:10     | Bought a potion of heal wounds for 42 gold pieces
 10439 | D:11     | Noticed a four-headed hydra
 10451 | D:11     | Killed a four-headed hydra
 10512 | D:11     | Acquired Qazlal's fourth power
 10533 | D:11     | Found Enumn's Antique Armour Emporium.
 10630 | D:11     | Found a frozen archway.
 10656 | IceCv    | Entered an ice cave
 10814 | IceCv    | Reached skill level 5 in Invocations
 10846 | IceCv    | Noticed an ice statue
 10941 | IceCv    | Killed an ice statue
 11246 | IceCv    | Reached XP level 12. HP: 113/115 MP: 20/20
 11618 | IceCv    | Noticed a death yak
 11628 | IceCv    | Killed a death yak
 11652 | IceCv    | Acquired Qazlal's fifth power
 11853 | IceCv    | Noticed a frost giant
 11854 | IceCv    | Noticed a death yak
 11868 | IceCv    | Killed a death yak
 11868 | IceCv    | Reached skill level 15 in Fighting
 11875 | IceCv    | Killed a frost giant
 12956 | D:12     | Got a pitted flail
 13037 | D:12     | Reached skill level 16 in Fighting
 13160 | D:12     | Upgraded the game from 0.15-a0-734-g2b8d6ef to 0.15-a0-773-g3a4c672
 13180 | D:12     | Found a staircase to the Orcish Mines.
 13365 | D:12     | Reached XP level 13. HP: 77/130 MP: 24/24
 13857 | Orc:1    | Entered Level 1 of the Orcish Mines
 14443 | Lair:1   | Identified the +2,+6 flail of Harmony {crush, rElec rN+} (You found it on level 12 of the Dungeon)
 14458 | Lair:1   | Identified the cursed -3 robe of the Ego {rElec} (You found it on level 10 of the Dungeon)
 14595 | Lair:2   | Reached skill level 17 in Fighting
 15507 | Lair:3   | Reached skill level 1 in Dodging
 15555 | Lair:3   | Noticed Snorg
 15564 | Lair:3   | Killed Snorg
 15892 | Lair:3   | Found a hole to the Spider Nest.
 16160 | Lair:1   | Identified a scroll of acquirement
 16713 | Lair:3   | Reached skill level 10 in Invocations
 17102 | Lair:4   | Found a staircase to the Snake Pit.
 17890 | Lair:5   | Reached skill level 5 in Dodging
 18081 | Lair:5   | Reached skill level 15 in Long Blades
 18112 | Lair:5   | Reached XP level 14. HP: 121/140 MP: 27/27
 18588 | Lair:6   | Noticed Erica
 18602 | Lair:6   | Killed Erica
 18717 | Lair:6   | Found a staircase to the Swamp.
 18742 | Lair:6   | Got a brightly glowing falchion
 19170 | Lair:6   | Reached skill level 1 in Evocations
 20059 | Lair:7   | Identified a +2 pair of boots of running (You found it on level 7 of the Lair of Beasts)
 20784 | Lair:8   | Entered Level 8 of the Lair of Beasts
 21478 | Lair:8   | Found a staircase to the Slime Pits.
 21615 | Lair:8   | Reached skill level 5 in Evocations
 21646 | Lair:8   | Identified Sif Muna's Incunabulum of Translocation
 21648 | Lair:8   | Got a steaming golden amulet
 21826 | Lair:8   | Identified the amulet of Dim Light {Cons Str+5 Int-3} (You found it on level 8 of the Lair of Beasts)
 22328 | Orc:2    | Noticed Eustachio
 22335 | Orc:2    | Killed Eustachio
 22565 | Orc:2    | Found an iron altar of Okawaru.
 22982 | Orc:2    | Found a roughly hewn altar of Beogh.
 23829 | Orc:4    | Entered Level 4 of the Orcish Mines
 23993 | Orc:4    | Noticed Sonja
 24001 | Orc:4    | Noticed Donald
 24003 | Orc:4    | Reached XP level 15. HP: 147/147 MP: 28/28
 24081 | Orc:4    | Killed Sonja
 24095 | Orc:4    | Killed Donald
 24537 | Orc:4    | Found a roughly hewn altar of Beogh.
 24539 | Orc:4    | Found Raoren's Jewellery Emporium.
 24551 | Orc:4    | Found Tweis' General Store.
 24701 | Orc:4    | Upgraded the game from 0.15-a0-773-g3a4c672 to 0.15-a0-834-gd31242b
 24922 | Orc:4    | Found a staircase to the Elven Halls.
 25192 | Orc:4    | Noticed an orc warlord
 25222 | Orc:4    | Killed an orc warlord
 25291 | Orc:4    | Found a roughly hewn altar of Beogh.
 25332 | Orc:4    | Found Graedaul's Armour Emporium.
 25387 | Orc:4    | Found Sanac's Book Shoppe.
 25850 | D:10     | Received a gift from Qazlal (rC+)
 25927 | D:13     | Noticed Urug
 25945 | D:13     | Killed Urug
 26074 | D:13     | Got a crystal sling
 26413 | D:13     | Found a gate to the Vaults.
 26462 | D:13     | Identified the +11,+0 falchion of the Final Chapter {holy, Int-1} (You found it on level 6 of the Lair of Beasts)
 26464 | D:13     | Identified the cursed +3,+9 sling of Dienat {frost, rElec Int+4} (You found it on level 13 of the Dungeon)
 26974 | D:14     | Found a white marble altar of Elyvilon.
 27021 | D:14     | Gained mutation: You have sharp toenails. [potion of beneficial mutation]
 27479 | D:15     | Entered Level 15 of the Dungeon
 27548 | D:15     | Reached skill level 10 in Evocations
 27717 | D:15     | Noticed Louise
 27728 | D:15     | Killed Louise
 27733 | D:15     | Found a staircase to the Depths.
 27738 | D:15     | Noticed Rupert
 27806 | D:15     | Killed Rupert
 27806 | D:15     | Reached XP level 16. HP: 155/155 MP: 29/29
 28899 | Lair:1   | Upgraded the game from 0.15-a0-834-gd31242b to 0.15-a0-885-g3d1b40c
 29050 | Swamp:1  | Entered Level 1 of the Swamp
 29101 | Swamp:1  | Reached skill level 5 in Shields
 29917 | Swamp:2  | Noticed Aizul
 29917 | Swamp:2  | Noticed Nessos
 30098 | Swamp:2  | Killed Aizul
 30329 | Swamp:2  | Killed Nessos
 30390 | Swamp:2  | Noticed Kirke
 30395 | Swamp:2  | Killed Kirke
 31070 | Swamp:3  | Reached skill level 10 in Shields
 32124 | Swamp:4  | Noticed Wiglaf
 32145 | Swamp:4  | Killed Wiglaf
 32145 | Swamp:4  | Reached XP level 17. HP: 120/161 MP: 24/30
 32590 | Swamp:5  | Entered Level 5 of the Swamp
 32848 | Swamp:5  | Got a decaying rune of Zot
 34058 | Lair:4   | the staircase to the Snake Pit was a mimic.
 34163 | Spider:1 | Entered Level 1 of the Spider Nest
 34412 | Spider:1 | Reached skill level 15 in Armour
 35361 | Spider:2 | Reached skill level 15 in Shields
 35901 | Spider:3 | Noticed Norris
 35921 | Spider:3 | Killed Norris
 36071 | Spider:3 | Reached XP level 18. HP: 167/169 MP: 31/31
 36609 | Spider:4 | Noticed Arachne
 36625 | Spider:4 | Killed Arachne
 36630 | Spider:4 | Upgraded the game from 0.15-a0-885-g3d1b40c to 0.15-a0-910-gf78ccf3
 37723 | Spider:5 | Entered Level 5 of the Spider Nest
 38196 | Spider:5 | Got a gossamer rune of Zot
 38835 | Elf:1    | Entered Level 1 of the Elven Halls
 40512 | Elf:3    | Entered Level 3 of the Elven Halls
 40518 | Elf:3    | Reached skill level 18 in Armour
 40729 | Elf:3    | Reached XP level 19. HP: 177/177 MP: 34/34
 41173 | Elf:3    | Paralysed by a chaos spawn for 4 turns
 41189 | Elf:3    | Reached skill level 15 in Invocations
 41235 | Elf:3    | Reached skill level 19 in Armour
 41272 | Elf:3    | Reached skill level 1 in Throwing
 41471 | Elf:3    | Got a wavering turquoise ring
 41524 | Elf:3    | Identified the ring of Gufoc {rN+ Dex+1} (You took it off a deep elf knight on level 3 of the Elven Halls)
 41529 | Elf:3    | Got an ancient plate armour
 41538 | Elf:3    | Got an encrusted chain mail
 41544 | Elf:3    | Got a slimy scale mail
 41552 | Elf:3    | Identified the -8 plate armour "Straan" {rF+ Curse} (You found it on level 3 of the Elven Halls)
 41555 | Elf:3    | Identified the Collected Works on the Escort and the Glacier
 41626 | Elf:3    | Identified the +2 chain mail "Buklous" {Dex+4 Int+2 Dam+6} (You found it on level 3 of the Elven Halls)
 41628 | Elf:3    | Identified Sif Muna's Grimoire of Helpful Bewitchment (You found it on level 3 of the Elven Halls)
 42327 | Vaults:1 | Entered Level 1 of the Vaults
 42608 | Vaults:1 | Reached skill level 20 in Armour
 43639 | Vaults:2 | Reached XP level 20. HP: 184/184 MP: 36/36
 44152 | Vaults:2 | Reached skill level 5 in Throwing
 44624 | Vaults:2 | Upgraded the game from 0.15-a0-910-gf78ccf3 to 0.15-a0-995-gc8af7eb
 44654 | Vaults:3 | Found Prodegry's Gadget Emporium.
 44682 | Vaults:3 | Bought a phial of floods for 640 gold pieces
 44682 | Vaults:3 | Bought a wand of disintegration (17) for 336 gold pieces
 44682 | Vaults:3 | Bought a wand of fire (7) for 352 gold pieces
 44709 | Vaults:3 | Identified the cursed -4 scale mail of an ossuary {Dex+3 Int+1} (You found it on level 3 of the Elven Halls)
 44737 | Vaults:3 | Found a staircase to the Crypt.
 45245 | Vaults:3 | Noticed Asterion
 45270 | Vaults:3 | Killed Asterion
 45793 | Vaults:3 | Found Hablyow's Distillery.
 45798 | Vaults:3 | Bought a potion of experience for 550 gold pieces
 45799 | Vaults:3 | Reached XP level 21. HP: 200/202 MP: 36/36
 45802 | Vaults:3 | Found Ujur's Antique Armour Shop.
 45807 | Vaults:3 | Bought a pair of pitted boots for 408 gold pieces
 45973 | Vaults:4 | Noticed Agnes
 45984 | Vaults:4 | Killed Agnes
 46123 | Vaults:4 | Found Prifam's Gadget Shoppe.
 46383 | Vaults:4 | Reached skill level 21 in Fighting
 46920 | Vaults:4 | Identified the +2 pair of boots "Jymi Qav" {Dex+2 Acc+4} (You bought it in a shop on level 3 of the Vaults)
 46921 | Vaults:4 | Found a staircase to the Hall of Blades.
 47219 | Blade    | Entered the Hall of Blades
 47269 | Vaults:4 | Reached XP level 22. HP: 68/213 MP: 37/37
 48014 | Vaults:4 | Reached skill level 22 in Fighting
 49138 | Crypt:1  | Entered Level 1 of the Crypt
 50389 | Crypt:2  | Reached skill level 23 in Fighting
 50942 | Crypt:2  | Gained mutation: Your spells are a little harder to cast, but a little more powerful. [potion of beneficial mutation]
 51141 | Crypt:3  | Entered Level 3 of the Crypt
 51593 | Crypt:3  | Reached skill level 24 in Fighting
 51768 | Crypt:3  | Found an ancient bone altar of Kikubaaqudgha.
 51768 | Crypt:3  | Noticed an ancient lich
 51781 | Crypt:3  | Killed an ancient lich
 51978 | Crypt:3  | Noticed an ancient lich
 52053 | Crypt:3  | Killed an ancient lich
 52053 | Crypt:3  | Reached XP level 23. HP: 128/225 MP: 34/37
 53059 | Crypt:3  | Found a staircase to the Tomb.
 53768 | Depths:1 | Entered Level 1 of the Depths
 53799 | Depths:1 | Noticed Sojobo
 53811 | D:15     | Reached skill level 25 in Fighting
 53883 | D:15     | Reached skill level 10 in Dodging
 53908 | Depths:1 | Killed Sojobo
 54050 | Depths:1 | Found a one-way gate to the infinite horrors of the Abyss.
 54182 | Depths:1 | Found a gateway to Hell.
 54189 | Depths:1 | Found Opasiwnu's Food Emporium.
 55666 | Depths:2 | Got a pitted helmet
 55667 | Depths:2 | Identified the +1 helmet "Gial" {+Fly} (You found it on level 2 of the Depths)
 55701 | Depths:2 | Reached XP level 24. HP: 229/241 MP: 38/38
 56117 | Depths:2 | Got a pitted golden ring
 56367 | Depths:2 | Identified the ring "Sku Fell" {+Fly rF- Int+2 Stlth+} (You took it off a tengu reaver on level 2 of the Depths)
 56457 | Depths:2 | Identified a +0 rod of destruction (12/12) (You found it on level 2 of the Depths)
 56868 | Depths:3 | Reached skill level 15 in Dodging
 56871 | Depths:3 | Upgraded the game from 0.15-a0-995-gc8af7eb to 0.15-a0-1004-gbf4e2e6
 57052 | Depths:3 | Got a glittering bone ring
 57078 | Depths:3 | Identified the ring of Divine Intervention {Ice Dam+3} (You took it off a fire giant on level 3 of the Depths)
 57178 | Depths:3 | Got a crude turquoise ring
 57180 | Depths:3 | Identified the ring of Thruufummo {-Tele rF+ Str+1 Stlth+} (You took it off a yaktaur on level 3 of the Depths)
 57255 | Depths:3 | Noticed psch's ghost (awesomely powerful DsMo)
 57312 | Depths:3 | Killed psch's ghost
 57401 | Depths:3 | Found a one-way gate leading to the halls of Pandemonium.
 57774 | Depths:3 | Got an ancient sapphire amulet
 57892 | Depths:3 | Reached XP level 25. HP: 158/248 MP: 40/40
 58003 | Depths:3 | Identified the amulet of Egalitarianism {rCorr Str+3 Int-2} (You took it off a deep elf blademaster on level 3 of the Depths)
 58740 | Depths:4 | Noticed Frederick
 58768 | Depths:4 | Killed Frederick
 58786 | Depths:4 | Upgraded the game from 0.15-a0-1004-gbf4e2e6 to 0.15-a0-1073-g74d0bc9
 58856 | Depths:4 | Noticed Mara
 58868 | Depths:4 | Killed Mara
 59369 | Depths:4 | Found Ujuekhin's Antique Armour Boutique.
 59391 | Depths:4 | Bought an embroidered cloak for 144 gold pieces
 59391 | Depths:4 | Bought a pair of pitted gloves for 304 gold pieces
 59398 | Depths:4 | Identified a +1 cloak of preservation (You bought it in a shop on level 4 of the Depths)
 59402 | Depths:4 | Identified the cursed -4 pair of gloves of Ennui {Str-5 Int+4} (You bought it in a shop on level 4 of the Depths)
 59526 | Depths:4 | Found a portal to a secret trove of treasure.
 59586 | Depths:4 | Found a gateway to a ziggurat.
 59643 | Depths:5 | Entered Level 5 of the Depths
 59645 | Depths:5 | Found Bonkasa's Antique Weapon Boutique.
 59688 | Depths:5 | Noticed Jorgrun
 59704 | Depths:5 | Found Rodiob's Gadget Boutique.
 59717 | Depths:5 | Noticed Mennas
 59768 | Depths:5 | Killed Mennas
 59788 | Depths:5 | Killed Jorgrun
 59831 | Depths:5 | Found a flickering gateway to a bazaar.
 59834 | Bazaar   | Entered a bazaar
 59850 | Bazaar   | Found Shrafusch's Food Shoppe.
 59850 | Bazaar   | Found Soutt's Antique Weapon Emporium.
 59872 | Bazaar   | Found Waypp's Jewellery Shoppe.
 59872 | Bazaar   | Found Ahadiuz's Magic Scroll Emporium.
 59876 | Bazaar   | Bought a scroll of blinking for 67 gold pieces
 59876 | Bazaar   | Bought a scroll of enchant armour for 67 gold pieces
 59884 | Bazaar   | Bought the ring "Tweif" {Str+4 Int+3 Acc+5} for 374 gold pieces
 59898 | Bazaar   | Found Luich's Gadget Shoppe.
 60068 | Depths:5 | Found Uleus' Antique Weapon Shoppe.
 60089 | Depths:5 | Found Vuxy's Assorted Antiques.
 60100 | Depths:5 | Bought a lead wand for 204 gold pieces
 60100 | Depths:5 | Bought a scroll of identify for 102 gold pieces
 60100 | Depths:5 | Bought a scroll of identify for 102 gold pieces
 60185 | Depths:5 | Bought a wand of teleportation (1) for 285 gold pieces
 60580 | Depths:5 | Found a gate to the Realm of Zot.
 61495 | Vaults:5 | Entered Level 5 of the Vaults
 61507 | Vaults:5 | Reached XP level 26. HP: 252/257 MP: 38/43
 61952 | Vaults:5 | Paralysed by a great orb of eyes for 2 turns
 62229 | Vaults:5 | Found Cocul's Magic Scroll Shop.
 62365 | Vaults:5 | Got a silver rune of Zot
 62646 | Vaults:5 | Learned a level 5 spell: Shadow Creatures
 62803 | Vaults:5 | Found Hyduy's Weapon Shoppe.
 62952 | Vaults:5 | Got a pitted scimitar
 62959 | Vaults:5 | Identified the +0,+8 scimitar "Huxkuh" {slice, rElec rC++ Str+2} (You found it on level 5 of the Vaults)
 63463 | Lair:1   | Upgraded the game from 0.15-a0-1073-g74d0bc9 to 0.15-a0-1119-g9b3a599
 63470 | Lair:1   | Learned a level 1 spell: Apportation
 63473 | Lair:1   | Learned a level 2 spell: Blink
 63480 | Lair:1   | Learned a level 6 spell: Haste
 63484 | Lair:1   | Learned a level 3 spell: Abjuration
 63661 | Slime:1  | Entered Level 1 of the Pits of Slime
 63775 | Slime:4  | Gained mutation: You have a fast metabolism. [a shining eye]
 63870 | Slime:6  | Entered Level 6 of the Pits of Slime
 63933 | Slime:6  | Noticed the royal jelly
 64096 | Slime:6  | Killed the royal jelly
 64405 | Slime:6  | Got a steaming crossbow
 64474 | Slime:6  | Got a slimy rune of Zot
 64503 | Slime:6  | Identified Witchcraft in Simple Steps (You found it on level 6 of the Pits of Slime)
 64797 | Lair:1   | Identified the +1,+2 crossbow of Pratzo {frost, rF+ SInv} (You found it on level 6 of the Pits of Slime)
 65184 | Hell     | Entered the Vestibule of Hell
 65184 | Hell     | Noticed Geryon
 65647 | Hell     | Noticed Murray
 65655 | Depths:1 | Reached XP level 27. HP: 56/264 MP: 44/44
 66317 | Hell     | Killed Murray
 66734 | Hell     | Killed Geryon
 67122 | Depths:1 | Bought a bread ration for 55 gold pieces
 67122 | Depths:1 | Bought a bread ration for 55 gold pieces
 67205 | Hell     | Found a gateway to the freezing wastes of Cocytus.
 67251 | Hell     | Found a gateway to the decaying netherworld of Tartarus.
 67288 | Hell     | Found a gateway to the ashen valley of Gehenna.
 67345 | Hell     | Found a gateway to the Iron City of Dis.
 67652 | Depths:4 | Upgraded the game from 0.15-a0-1119-g9b3a599 to 0.15-a0-1174-g8389a64
 68499 | Zot:1    | Entered Level 1 of the Realm of Zot
 69277 | Zot:2    | Reached skill level 26 in Armour
 69482 | Zot:2    | Identified Lehudib's Catalogue of Conjuration
 70584 | Zot:3    | Reached skill level 27 in Armour
 72267 | Zot:5    | Entered Level 5 of the Realm of Zot
 73614 | Pan      | Entered Pandemonium
 73629 | Pan      | Found an exit through the horrors of the Abyss.
 74126 | Pan      | Upgraded the game from 0.15-a0-1174-g8389a64 to 0.15-a0-1206-g3bad1a6
 74210 | Pan      | Noticed Jiav the pandemonium lord
 74213 | Pan      | Reached skill level 27 in Invocations
 74445 | Pan      | Killed Jiav the pandemonium lord
 75083 | Pan      | Found an exit through the horrors of the Abyss.
 75121 | Pan      | Noticed Hustumai the pandemonium lord
 75159 | Pan      | Killed Hustumai the pandemonium lord
 75185 | Pan      | Reached skill level 27 in Fighting
 75211 | Pan      | Noticed Lixtesar the pandemonium lord
 75270 | Pan      | Killed Lixtesar the pandemonium lord
 75828 | Pan      | Found an exit through the horrors of the Abyss.
 76177 | Pan      | Noticed Kinarais the pandemonium lord
 76742 | Pan      | Killed Kinarais the pandemonium lord
 77113 | Pan      | Entered the realm of Lom Lobon.
 77582 | Pan      | Found an exit through the horrors of the Abyss.
 78128 | Pan      | Noticed Lom Lobon
 78182 | Pan      | Killed Lom Lobon
 78206 | Pan      | Got a magical rune of Zot
 78560 | Pan      | Upgraded the game from 0.15-a0-1206-g3bad1a6 to 0.15-a0-1224-g3833f9c
 78594 | Pan      | Found an exit through the horrors of the Abyss.
 78661 | Pan      | Cast into the Abyss (putrid demonspawn)
 78661 | Abyss:1  | Found a corrupted altar of Lugonu.
 78723 | Abyss:1  | Found a corrupted altar of Lugonu.
 78813 | Abyss:1  | Found a corrupted altar of Lugonu.
 78998 | Pan      | Escaped the Abyss
 79118 | Pan      | Found a gateway to a ziggurat.
 79160 | Pan      | Found an exit through the horrors of the Abyss.
 79392 | Pan      | Noticed Loluirph the pandemonium lord
 79422 | Pan      | Killed Loluirph the pandemonium lord
 79870 | Pan      | Entered the realm of Mnoleg.
 79954 | Pan      | Gained mutation: Your body is slowly deteriorating. [a cacodemon]
 80044 | Pan      | Found an exit through the horrors of the Abyss.
 80183 | Pan      | Paralysed by a giant eyeball for 4 turns
 80190 | Pan      | Paralysed by a giant eyeball for 4 turns
 80264 | Pan      | Paralysed by a giant eyeball for 2 turns
 80333 | Pan      | Noticed Mnoleg
 80359 | Pan      | Killed Mnoleg
 80366 | Pan      | Gained mutation: You tend to lose your temper in combat. [a cacodemon]
 80430 | Pan      | Learned a level 3 spell: Regeneration
 80497 | Pan      | Got a glowing rune of Zot
 80575 | Pan      | Found an exit through the horrors of the Abyss.
 80586 | Pan      | Took an exit into the Abyss.
 80586 | Abyss:1  | Escaped into the Abyss
 80805 | Abyss:1  | Found a corrupted altar of Lugonu.
 80935 | Depths:3 | Escaped the Abyss
 80967 | Depths:4 | You paid a toll of 6 scrolls of blinking to enter a treasure trove
 80968 | Trove    | Entered a treasure trove
 81001 | Trove    | Got a distressingly furry shield
 81003 | Trove    | Got a pitted shield
 81008 | Trove    | Got a faintly humming cloak
 81010 | Trove    | Got a dazzling helmet
 81017 | Trove    | Got a distressingly furry cloak
 81036 | Trove    | Identified the -2 shield of Pride {+Blink Dex+1} (You found it in a treasure trove)
 81050 | Trove    | Identified the +1 shield of the Engineer {Dex+4 Acc+3} (You found it in a treasure trove)
 81061 | Trove    | Identified the +3 cloak of Viadif {rF+} (You found it in a treasure trove)
 81067 | Trove    | Identified the +2 cloak "Froafaud" {Dex+3} (You found it in a treasure trove)
 81074 | Trove    | Identified the +0 helmet "Dyudyk" {Str-4 Int+3} (You found it in a treasure trove)
 81078 | Trove    | Got a warped plate armour
 81102 | Trove    | Identified the +2 plate armour of the Crypt {+Fly rPois rF+ rN+ SInv} (You found it in a treasure trove)
 81676 | Depths:5 | Bought a potion of heal wounds for 153 gold pieces
 81676 | Depths:5 | Bought a scroll of recharging for 484 gold pieces
 82417 | Pan      | Entered Pandemonium
 82439 | Pan      | Found an exit through the horrors of the Abyss.
 82505 | Pan      | Found an exit through the horrors of the Abyss.
 82858 | Pan      | Entered the realm of Gloorx Vloq.
 82902 | Pan      | Noticed Gloorx Vloq
 82934 | Pan      | Killed Gloorx Vloq
 83041 | Pan      | HP: 13/267 [Executioner (6)]
 83041 | Pan      | HP: 3/267 [Executioner (10)]
 83350 | Pan      | Got a dark rune of Zot
 83720 | Pan      | Noticed Zeqeinam the pandemonium lord
 83733 | Pan      | Killed Zeqeinam the pandemonium lord
 83837 | Pan      | Found an exit through the horrors of the Abyss.
 83840 | Pan      | Entered the realm of Cerebov.
 84045 | Pan      | Noticed Cerebov
 84096 | Pan      | HP: 11/267 [Cerebov/great blast of fire (34)]
 84150 | Pan      | HP: 10/267 [sun demon (19)]
 84163 | Pan      | HP: 13/267 [Shadow Fiend/torment[Cerebov] (6)]
 84176 | Pan      | HP: 10/267 [balrug/runed glaive (5)]
 84614 | Pan      | Reached skill level 1 in Necromancy
 84980 | Pan      | HP: 1/267 [Cerebov/great serpentine sword {flame} (40)]
 84980 | Pan      | Identified the +6,+6 Sword of Cerebov {flame}
 84980 | Pan      | Slain by Cerebov

Action                   |  1- 3 |  4- 6 |  7- 9 | 10-12 | 13-15 | 16-18 | 19-21 | 22-24 | 25-27 || total
-------------------------+-------+-------+-------+-------+-------+-------+-------+-------+-------++-------
Melee: Long sword        |   103 |   281 |   520 |   981 |   281 |       |       |       |       ||  2166
       Bastard sword     |       |       |       |       |  1565 |  1932 |  1211 |  2288 |  2208 ||  9204
       Demon blade       |       |       |       |       |       |       |       |       |  1678 ||  1678
       Katana            |       |       |       |       |       |       |       |       |   972 ||   972
 Fire: Blowgun           |       |       |       |    14 |     2 |       |       |       |       ||    16
Throw: Throwing net      |       |     1 |       |       |       |       |       |       |       ||     1
       Tomahawk          |       |     3 |     7 |       |       |       |       |       |    22 ||    32
       Javelin           |       |       |     1 |    15 |     4 |    12 |     6 |    38 |    24 ||   100
Invok: Upheaval          |       |       |       |     1 |    11 |    34 |    17 |    41 |    80 ||   184
       Elemental Force   |       |       |       |       |     1 |     4 |       |       |     4 ||     9
       Disaster Area     |       |       |       |       |     2 |       |     1 |     1 |     1 ||     5
 Abil: Evoke Flight      |       |       |       |       |     4 |       |       |     1 |       ||     5
       Stop Flying       |       |       |       |       |       |       |       |     1 |       ||     1
       Evoke Teleport Co |       |       |       |       |       |       |       |       |     8 ||     8
Evoke: Wand              |       |     3 |     8 |    28 |     3 |    20 |       |     6 |    49 ||   117
       Sack of spiders   |       |       |       |       |     1 |     1 |       |       |       ||     2
       Lamp of fire      |       |       |       |       |       |     2 |     1 |       |     1 ||     4
       Disc of storms    |       |       |       |       |       |       |     3 |     2 |       ||     5
       Fan of gales      |       |       |       |       |       |       |       |     3 |     6 ||     9
       Phial of floods   |       |       |       |       |       |       |       |     1 |     4 ||     5
       Stone of tremors  |       |       |       |       |       |       |       |       |     3 ||     3
  Use: Scroll            |     5 |     7 |     6 |     9 |    27 |    13 |     7 |    13 |    66 ||   153
       Potion            |     1 |       |       |     3 |     2 |    14 |     1 |    11 |    32 ||    64
 Stab: Distracted        |       |       |       |       |     1 |       |       |       |       ||     1
       Invisible         |       |       |       |       |       |     3 |       |       |       ||     3
       Confused          |       |       |       |       |       |     1 |       |       |     1 ||     2
       Held in net/web   |       |       |       |       |       |     1 |       |       |       ||     1
       Fleeing           |       |       |       |       |       |       |     1 |       |       ||     1
       Petrifying        |       |       |       |       |       |       |       |     1 |       ||     1
